3L
FT. WORTH CATTLEMEN @ QUEBEC CITY LES BLEUS
05/28/2034
 
TOP OF THE 1ST
Ft. Worth Cattlemen batting - Pitching for Quebec City Les Bleus : LHP Miguel López
Pitching: LHP Miguel López
Batting: RHB Juan Cabrera 0-0: Called Strike
0-1: Swinging Strike
0-2: Ball
1-2: Foul Ball, location: 2F
1-2: Strikes out swinging
Batting: SHB Mitch Qualtrough 0-0: Ground out 5-3 (Groundball, 56)
Batting: RHB Bart Lewis 0-0: Ball
1-0: Foul Ball, location: 2F
1-1: Swinging Strike
1-2: Ball
2-2: DOUBLE (Line Drive, 78D)
Batting: RHB António Pérez 0-0: Swinging Strike
0-1: Foul Ball, location: 2F
0-2: Ball
1-2: Hit by Pitch
Batting: RHB Armando Chamú 0-0: Called Strike
0-1: Foul Ball, location: 2F
0-2: Foul Ball, location: 2F
0-2: Ground out 4-3 (Groundball, 4)
Top of the 1st over - 0 runs, 1 hit, 0 errors, 2 left on base; Ft. Worth 0 - Quebec City 0
BOTTOM OF THE 1ST
Quebec City Les Bleus batting - Pitching for Ft. Worth Cattlemen : RHP Mack MacDonald
Pitching: RHP Mack MacDonald
Batting: RHB Tevin McTevin 0-0: Bunted foul
0-1: Foul Ball, location: 2F
0-2: Fly out, F8 (Flyball, 8LD)
Batting: LHB Scott Janousek 0-0: Called Strike
0-1: Foul Ball, location: 2F
0-2: Foul Ball, location: 2F
0-2: Ball
1-2: Strikes out looking
Batting: LHB Jeff Simpson 0-0: Foul Ball, location: 2F
0-1: Fly out, F9 (Flyball, 9LDF)
Bottom of the 1st over - 0 runs, 0 hits, 0 errors, 0 left on base; Ft. Worth 0 - Quebec City 0
TOP OF THE 2ND
Ft. Worth Cattlemen batting - Pitching for Quebec City Les Bleus : LHP Miguel López
Batting: SHB Javier Vázquez 0-0: Called Strike
0-1: Foul Ball, location: 2F
0-2: Ball
1-2: Ball
2-2: Ground out 4-3 (Groundball, 4)
Batting: RHB John Downing 0-0: Foul Ball, location: 2F
0-1: Ball
1-1: Swinging Strike
1-2: Ball
2-2: Ball
3-2: Base on Balls
Batting: SHB Robby Day 0-0: Ball
1-0: Ball
2-0: Called Strike
2-1: Swinging Strike
2-2: Strikes out swinging
Batting: SHB Roberto Mosca 0-0: Swinging Strike
0-1: Ball
1-1: Foul Ball, location: 2F
1-2: Foul Ball, location: 2F
1-2: Foul Ball, location: 2F
1-2: Ball
2-2: Strikes out looking
Top of the 2nd over - 0 runs, 0 hits, 0 errors, 1 left on base; Ft. Worth 0 - Quebec City 0
BOTTOM OF THE 2ND
Quebec City Les Bleus batting - Pitching for Ft. Worth Cattlemen : RHP Mack MacDonald
Batting: LHB Palaie Gaoteote 0-0: Called Strike
0-1: Swinging Strike
0-2: Ball
1-2: Foul Ball, location: 2F
1-2: Strikes out swinging
Batting: RHB Kameron Guangorena 0-0: Called Strike
0-1: Ball
1-1: Called Strike
1-2: Ball
2-2: Ball
3-2: Foul Ball, location: 2F
3-2: Base on Balls
Batting: RHB Kumanosuke Asano 0-0: Called Strike
0-1: Ball
1-1: Ball
2-1: Ball
3-1: Base on Balls
Kameron Guangorena to second
Batting: RHB Reg Spiers 0-0: Ball
1-0: Swinging Strike
1-1: Foul Ball, location: 2F
1-2: Strikes out swinging
Batting: RHB Cam MacIntosh 0-0: Ball
1-0: Called Strike
1-1: Ball
2-1: Called Strike
2-2: Foul Ball, location: 2F
2-2: Foul Ball, location: 2F
2-2: Ball
3-2: Foul Ball, location: 2F
3-2: Fly out, F5 (Line Drive, 5S)
Bottom of the 2nd over - 0 runs, 0 hits, 0 errors, 2 left on base; Ft. Worth 0 - Quebec City 0
TOP OF THE 3RD
Ft. Worth Cattlemen batting - Pitching for Quebec City Les Bleus : LHP Miguel López
Batting: RHB Juan Cabrera 0-0: Ball
1-0: Ball
2-0: Foul Ball, location: 2F
2-1: Ball
3-1: Foul Ball, location: 2F
3-2: SINGLE (Line Drive, 56D)
Batting: SHB Mitch Qualtrough 0-0: Ball
1-0: Ball
2-0: Ball
3-0: Called Strike
3-1: Grounds into double play, 6-4-3 (Groundball, 6)
Batting: RHB Bart Lewis 0-0: Fly out, F7 (Flyball, 7S)
Top of the 3rd over - 0 runs, 1 hit, 0 errors, 0 left on base; Ft. Worth 0 - Quebec City 0
BOTTOM OF THE 3RD
Quebec City Les Bleus batting - Pitching for Ft. Worth Cattlemen : RHP Mack MacDonald
Batting: RHB Zander Bailey 0-0: Called Strike
0-1: Ground out 6-3 (Groundball, 6MD)
Batting: RHB Tevin McTevin 0-0: Called Strike
0-1: Called Strike
0-2: Ground out 5-3 (Groundball, 56)
Batting: LHB Scott Janousek 0-0: Ball
1-0: Foul Ball, location: 2F
1-1: Called Strike
1-2: Fly out, F7 (Line Drive, 7)
Bottom of the 3rd over - 0 runs, 0 hits, 0 errors, 0 left on base; Ft. Worth 0 - Quebec City 0
TOP OF THE 4TH
Ft. Worth Cattlemen batting - Pitching for Quebec City Les Bleus : LHP Miguel López
Pitching: RHP Ralph Haggerty
Batting: RHB António Pérez 0-0: Foul Ball, location: 2F
0-1: Fly out, F8 (Flyball, 89XD)
Batting: RHB Armando Chamú 0-0: Ball
1-0: Foul Ball, location: 2F
1-1: Ball
2-1: SINGLE (Line Drive, 56D)
Batting: SHB Javier Vázquez 0-0: Swinging Strike
0-1: Ball
1-1: Ball
2-1: Ball
3-1: Fly out, F6 (Line Drive, 6M)
Batting: RHB John Downing 0-0: Swinging Strike
0-1: Foul Ball, location: 2F
0-2: Ball
1-2: Strikes out looking
Top of the 4th over - 0 runs, 1 hit, 0 errors, 1 left on base; Ft. Worth 0 - Quebec City 0
BOTTOM OF THE 4TH
Quebec City Les Bleus batting - Pitching for Ft. Worth Cattlemen : RHP Mack MacDonald
Batting: LHB Jeff Simpson 0-0: Ball
1-0: Ball
2-0: Called Strike
2-1: Swinging Strike
2-2: Ball
3-2: Base on Balls
Batting: LHB Palaie Gaoteote 0-0: Ball
1-0: Grounds into double play, 4-6-3 (Groundball, 4)
Batting: RHB Kameron Guangorena 0-0: Ball
1-0: SINGLE (Flyball, 8RS)
Batting: RHB Kumanosuke Asano 0-0: Ball
1-0: Called Strike
1-1: Foul Ball, location: 2F
1-2: Ball
2-2: Ball
3-2: Strikes out swinging
Bottom of the 4th over - 0 runs, 1 hit, 0 errors, 1 left on base; Ft. Worth 0 - Quebec City 0
TOP OF THE 5TH
Ft. Worth Cattlemen batting - Pitching for Quebec City Les Bleus : RHP Ralph Haggerty
Batting: SHB Robby Day 0-0: Called Strike
0-1: Ball
1-1: Foul Ball, location: 2F
1-2: Ball
2-2: Foul Ball, location: 2F
2-2: Foul Ball, location: 2F
2-2: Strikes out looking
Batting: SHB Roberto Mosca 0-0: Called Strike
0-1: Ball
1-1: Ground out 6-3 (Groundball, 6)
Batting: RHB Juan Cabrera 0-0: Ball
1-0: Ball
2-0: Ball
3-0: Called Strike
3-1: SINGLE (Groundball, 6MD)
Batting: SHB Mitch Qualtrough 0-0: Foul Ball, location: 2F
0-1: Ball
1-1: Foul Ball, location: 2F
1-2: Ball
2-2: Foul Ball, location: 2F
2-2: Ball
3-2: DOUBLE (Line Drive, 9LM)
Juan Cabrera to third
Juan Cabrera scores
Batting: RHB Bart Lewis 0-0: Ball
1-0: Swinging Strike
1-1: Ball
2-1: Called Strike
2-2: Ball
3-2: Foul Ball, location: 2F
3-2: Ground out 6-3 (Groundball, 6)
Top of the 5th over - 1 run, 2 hits, 0 errors, 1 left on base; Ft. Worth 1 - Quebec City 0
BOTTOM OF THE 5TH
Quebec City Les Bleus batting - Pitching for Ft. Worth Cattlemen : RHP Mack MacDonald
Batting: RHB Reg Spiers 0-0: Called Strike
0-1: Called Strike
0-2: Strikes out looking
Batting: RHB Cam MacIntosh 0-0: Swinging Strike
0-1: Ball
1-1: Swinging Strike
1-2: Ball
2-2: Ball
3-2: Foul Ball, location: 2F
3-2: Base on Balls
Batting: RHB Zander Bailey 0-0: Ball
1-0: Ball
2-0: Ball
3-0: Called Strike
3-1: Swinging Strike
3-2: Foul Ball, location: 2F
3-2: Grounds into double play, 6-4-3 (Groundball, 6)
Bottom of the 5th over - 0 runs, 0 hits, 0 errors, 0 left on base; Ft. Worth 1 - Quebec City 0
TOP OF THE 6TH
Ft. Worth Cattlemen batting - Pitching for Quebec City Les Bleus : RHP Ralph Haggerty
Batting: RHB António Pérez 0-0: Foul Ball, location: 2F
0-1: Ball
1-1: SINGLE (Groundball, 34S) (infield hit)
Batting: RHB Armando Chamú 0-0: SINGLE (Line Drive, 7S)
António Pérez to second
Batting: SHB Javier Vázquez 0-0: Called Strike
0-1: Ball
1-1: DOUBLE (Line Drive, 78XD)
António Pérez scores
Armando Chamú to third
Pitching: RHP José Barquero
Batting: RHB John Downing 0-0: Called Strike
0-1: Foul Ball, location: 2F
0-2: Strikes out swinging
Batting: SHB Robby Day 0-0: Foul Ball, location: 2F
0-1: Ball
1-1: Fly out, F7 (Flyball, 78D)
Runner from 3rd tags up, SCORES, throw made
Javier Vázquez to third
Batting: SHB Roberto Mosca 0-0: Ball
1-0: Swinging Strike
1-1: Ball
2-1: Ball
3-1: Base on Balls
Batting: RHB Juan Cabrera 0-0: Called Strike
0-1: Swinging Strike
0-2: Ball
1-2: Ball
2-2: Ball
3-2: Ground out U3 (Groundball, 23)
Top of the 6th over - 2 runs, 3 hits, 0 errors, 2 left on base; Ft. Worth 3 - Quebec City 0
BOTTOM OF THE 6TH
Quebec City Les Bleus batting - Pitching for Ft. Worth Cattlemen : RHP Mack MacDonald
Batting: RHB Tevin McTevin 0-0: Ball
1-0: Ball
2-0: Ball
3-0: Called Strike
3-1: Called Strike
3-2: Base on Balls
Batting: LHB Scott Janousek 0-0: Swinging Strike
0-1: Ball
1-1: Ball
2-1: Foul Ball, location: 2F
2-2: Ball
Tevin McTevin steals 2nd base
3-2: Ground out 5-3 (Groundball, 5)
Batting: LHB Jeff Simpson 0-0: Ball
1-0: Foul Ball, location: 2F
1-1: Ball
2-1: Ball
3-1: Called Strike
3-2: Base on Balls
Pitching: LHP Steve Seabolt
Batting: LHB Palaie Gaoteote 0-0: Swinging Strike
0-1: Foul Ball, location: 2F
0-2: Foul Ball, location: 2F
0-2: Foul Ball, location: 2F
0-2: Ball
1-2: Ball
2-2: Foul Ball, location: 2F
2-2: Foul Ball, location: 2F
2-2: Strikes out looking
Batting: RHB Kameron Guangorena 0-0: Ball
1-0: Ball
2-0: Fly out, F9 (Flyball, 9D)
Bottom of the 6th over - 0 runs, 0 hits, 0 errors, 2 left on base; Ft. Worth 3 - Quebec City 0
TOP OF THE 7TH
Ft. Worth Cattlemen batting - Pitching for Quebec City Les Bleus : RHP José Barquero
Batting: SHB Mitch Qualtrough 0-0: Ball
1-0: Ball
2-0: Foul Ball, location: 2F
2-1: Ball
3-1: Fly out, F7 (Flyball, 7LS)
Batting: RHB Bart Lewis 0-0: Foul Ball, location: 2F
0-1: Foul Ball, location: 2F
0-2: Ball
1-2: Ball
2-2: Foul Ball, location: 2F
2-2: Strikes out looking
Batting: RHB António Pérez 0-0: Ball
1-0: Ball
2-0: Ground out 4-3 (Groundball, 4)
Top of the 7th over - 0 runs, 0 hits, 0 errors, 0 left on base; Ft. Worth 3 - Quebec City 0
BOTTOM OF THE 7TH
Quebec City Les Bleus batting - Pitching for Ft. Worth Cattlemen : LHP Steve Seabolt
Batting: RHB Kumanosuke Asano 0-0: Foul Ball, location: 2F
0-1: Ground out 4-3 (Groundball, 4)
Batting: RHB Reg Spiers 0-0: SINGLE (Groundball, 6D)
Batting: RHB Cam MacIntosh 0-0: Called Strike
0-1: Swinging Strike
0-2: Ball
1-2: Ball
2-2: Strikes out swinging
Batting: RHB Zander Bailey 0-0: Ball
1-0: Swinging Strike
1-1: Called Strike
1-2: Foul Ball, location: 2F
Balk!
Reg Spiers to second
1-2: Ball
2-2: SINGLE (Line Drive, 89S)
Reg Spiers to third
Runner from 3rd tries for Home, SAFE, no throw
Batting: RHB Tevin McTevin 0-0: Foul Ball, location: 2F
0-1: Ball
1-1: Ball
2-1: Ball
3-1: Base on Balls
Zander Bailey to second
Batting: LHB Scott Janousek 0-0: SINGLE (Groundball, 5D)
Zander Bailey to third
Tevin McTevin to second
Runner from 3rd tries for Home, SAFE, throw made at trailing runner, OUT at third!
Bottom of the 7th over - 2 runs, 3 hits, 0 errors, 1 left on base; Ft. Worth 3 - Quebec City 2
TOP OF THE 8TH
Ft. Worth Cattlemen batting - Pitching for Quebec City Les Bleus : RHP José Barquero
Batting: RHB Armando Chamú 0-0: Ball
1-0: Fly out, F9 (Flyball, 9S)
Batting: SHB Javier Vázquez 0-0: Ball
1-0: Ball
2-0: Ball
3-0: Called Strike
3-1: Called Strike
3-2: Fly out, F8 (Flyball, 8LXD)
Batting: RHB John Downing 0-0: Ball
1-0: Foul Ball, location: 2F
1-1: Ball
2-1: Foul Ball, location: 2F
2-2: Strikes out swinging
Top of the 8th over - 0 runs, 0 hits, 0 errors, 0 left on base; Ft. Worth 3 - Quebec City 2
BOTTOM OF THE 8TH
Quebec City Les Bleus batting - Pitching for Ft. Worth Cattlemen : LHP Steve Seabolt
Pitching: LHP Ricardo Ruíz
Batting: LHB Jeff Simpson 0-0: Ball
1-0: Foul Ball, location: 2F
1-1: Ball
2-1: Ball
3-1: Base on Balls
Pinch Hitting: RHB Lane McCool 0-0: Called Strike
0-1: Ball
1-1: Foul Ball, location: 2F
1-2: Fly out, F3 (Popup, 3SF)
Batting: RHB Kameron Guangorena 0-0: Ball
1-0: Foul Ball, location: 2F
1-1: Ball
2-1: Ball
3-1: Swinging Strike
3-2: Strikes out looking
Batting: RHB Kumanosuke Asano 0-0: Called Strike
0-1: Ball
1-1: Ball
2-1: Ball
3-1: Base on Balls
Jeff Simpson to second
Batting: RHB Reg Spiers 0-0: Ball
1-0: Foul Ball, location: 2F
1-1: Ball
2-1: Ball
3-1: Fly out, F9 (Flyball, 9S)
Bottom of the 8th over - 0 runs, 0 hits, 0 errors, 2 left on base; Ft. Worth 3 - Quebec City 2
TOP OF THE 9TH
Ft. Worth Cattlemen batting - Pitching for Quebec City Les Bleus : RHP José Barquero
Now at 1B: Lane McCool
Batting: SHB Robby Day 0-0: Called Strike
0-1: Called Strike
0-2: Fly out, F9 (Flyball, 89D)
Batting: SHB Roberto Mosca 0-0: Called Strike
0-1: Ball
1-1: Fly out, F5 (Line Drive, 56)
Pitching: RHP Érico Laborde
Batting: RHB Juan Cabrera 0-0: Ground out 5-3 (Groundball, 56)
Top of the 9th over - 0 runs, 0 hits, 0 errors, 0 left on base; Ft. Worth 3 - Quebec City 2
BOTTOM OF THE 9TH
Quebec City Les Bleus batting - Pitching for Ft. Worth Cattlemen : LHP Ricardo Ruíz
Pitching: RHP Gojong Joseon
Now at 2B: Juan Aguirre
Batting: RHB Cam MacIntosh 0-0: Ball
1-0: SOLO HOME RUN (Flyball, 9D), Distance : 365 ft
Batting: RHB Zander Bailey 0-0: Ball
1-0: Foul Ball, location: 2F
1-1: SINGLE (Groundball, 56D)
Batting: RHB Tevin McTevin 0-0: Bunted foul
0-1: Bunted foul
0-2: Ball
1-2: Ball
2-2: Fly out, F8 (Flyball, 8LD)
Batting: LHB Scott Janousek 0-0: Ball
1-0: Fly out, F8 (Flyball, 8RS)
Batting: LHB Jeff Simpson 0-0: Called Strike
0-1: Called Strike
0-2: Strikes out swinging
Bottom of the 9th over - 1 run, 2 hits, 0 errors, 1 left on base; Ft. Worth 3 - Quebec City 3
TOP OF THE 10TH
Ft. Worth Cattlemen batting - Pitching for Quebec City Les Bleus : RHP Érico Laborde
Pitching: RHP Matt Digby
Batting: SHB Mitch Qualtrough 0-0: Ball
1-0: Foul Ball, location: 2F
1-1: Foul Ball, location: 2F
1-2: Strikes out swinging
Batting: RHB Bart Lewis 0-0: Ball
1-0: Ball
2-0: Ball
3-0: Foul Ball, location: 2F
3-1: Base on Balls
Pinch Hitting: LHB Jesús Morales 0-0: DOUBLE (Line Drive, 9LM)
Bart Lewis to third
Pinch Hitting: LHB Rick Mayfield 0-0: Called Strike
0-1: Ball
1-1: Called Strike
1-2: Foul Ball, location: 2F
1-2: Strikes out looking
Batting: SHB Javier Vázquez 0-0: Ball
1-0: Swinging Strike
1-1: Swinging Strike
1-2: Ball
2-2: Ball
3-2: Base on Balls
Batting: RHB John Downing 0-0: Swinging Strike
0-1: SINGLE (Flyball, 78S)
Bart Lewis scores
Jesús Morales to third
Javier Vázquez to second
Runner from 3rd tries for Home, SAFE, no throw
Batting: SHB Robby Day 0-0: Swinging Strike
0-1: SINGLE (Groundball, 56D)
Javier Vázquez to third
John Downing to second
Throwing error, E7
Javier Vázquez scores
John Downing to third
Robby Day to second
Batting: SHB Roberto Mosca 0-0: Called Strike
0-1: Ball
1-1: Ball
2-1: Called Strike
2-2: Ball
3-2: Strikes out swinging
Top of the 10th over - 3 runs, 3 hits, 1 error, 2 left on base; Ft. Worth 6 - Quebec City 3
BOTTOM OF THE 10TH
Quebec City Les Bleus batting - Pitching for Ft. Worth Cattlemen : RHP Gojong Joseon
Now at C: Fernando Ramírez
Now in RF: Rick Mayfield
Batting: RHB Lane McCool 0-0: Called Strike
0-1: Called Strike
0-2: Foul Ball, location: 2F
0-2: SINGLE (Groundball, 34S) (infield hit)
Batting: RHB Kameron Guangorena 0-0: Ball
1-0: Foul Ball, location: 2F
1-1: Foul Ball, location: 2F
1-2: Foul Ball, location: 2F
1-2: Strikes out swinging
Batting: RHB Kumanosuke Asano 0-0: Ball
1-0: Swinging Strike
1-1: Called Strike
1-2: Foul Ball, location: 2F
1-2: Strikes out looking
Batting: RHB Reg Spiers 0-0: Called Strike
0-1: Reached on error, E6 (Groundball, 6)
Lane McCool to second
Batting: RHB Cam MacIntosh 0-0: Called Strike
0-1: Ball
1-1: Foul Ball, location: 2F
1-2: Strikes out swinging
Bottom of the 10th over - 0 runs, 1 hit, 1 error, 2 left on base; Ft. Worth 6 - Quebec City 3
Friday, March 29th, 2019 - OOTP Baseball 18.8 Build 76